 Dungeon Crawl Stone Soup version 0.29-a0-1016-g236c7fd91e (webtiles) character file.

Game seed: 3564572384248310899

37 componib the Poker (level 3, 0/33 HPs)
             Began as a Minotaur Berserker on Aug 9, 2022.
             Was a Follower of Trog.
             Succumbed to Ijyb's poison
             ... on level 4 of the Dungeon on Aug 10, 2022.
             The game lasted 00:06:08 (1823 turns).

componib the Poker (Minotaur Berserker)             Turns: 1823, Time: 00:06:09

Health: 0/33       AC:  9    Str: 20 (23) XL:     3   Next: 21%
Magic:  2/2        EV:  7    Int:  1 (4)  God:    Trog [*.....]
Gold:   129        SH:  0    Dex:  6 (9)  Spells: 2/2 levels left

rFire   . . .      SeeInvis .   h - +1 whip (venom)
rCold   . . .      Faith    .   (no shield)
rNeg    . . .      Spirit   .   c - +0 chain mail
rPois   .          Reflect  .   (helmet restricted)
rElec   .          Harm     .   (no cloak)
rCorr   .          Rampage  .   (no gloves)
Will    .....                   (no boots)
Stlth   ..........              (no amulet)
HPRegen 0.11/turn               (no ring)
MPRegen 0.08/turn               (no ring)

@: lethally poisoned (0 -> -12)
A: horns 2, retaliatory headbutt
a: Renounce Religion, Berserk


You were on level 4 of the Dungeon.
You worshipped Trog.
Trog was aware of your devotion.
You visited 1 branch of the dungeon, and saw 4 of its levels.

You collected 129 gold pieces.

Inventory:

Hand Weapons
 a - a +0 spear
 h - a +1 whip of venom (weapon)
Armour
 b - a +0 animal skin
 c - a +0 chain mail (worn)
 k - the +1 robe of the Usurping Gods {rCorr Archmagi}
   (You found it on level 3 of the Dungeon)

   rCorr:     It protects you from acid and corrosion.
   Archmagi:  It increases the power of your magical spells.
Scrolls
 d - a scroll of immolation
Potions
 g - a potion of flight
 j - 2 potions of degeneration


   Skills:
 + Level 4.0 Fighting
 + Level 0.2 Maces & Flails
 + Level 4.6 Polearms
 + Level 2.8 Armour
 + Level 2.2 Dodging


You had 2 spell levels left.
You didn't know any spells.
Your spell library contained the following spells:

 Spells                   Type           Power      Damage    Failure   Level
 Portal Projectile        Hex/Tloc       0%         N/A       100%        3
 Tukima's Dance           Hex            0%         N/A       100%        3
 Blade Hands              Tmut           0%         N/A       100%        5


Dungeon Overview and Level Annotations

Branches:
Dungeon (4/15)
 Temple: D:4-7

Altars:

Annotations:
D:4 Ijyb


Innate Abilities, Weirdness & Mutations

You have a pair of horns on your head.
You reflexively headbutt those who attack you in melee.


Message History

The orc shouts!
The orc wizard shouts!
You hear a shout!
The orc wizard mumbles some strange words.
The orc wizard flickers and vanishes!
An orc comes into view. It is wielding a +0 hand axe.
As you read the scroll labelled PYMUNA SUNU, it crumbles to dust.
You feel strangely unstable.
It was a scroll of teleportation.
The orc wizard casts a spell.
The orc wizard flickers and vanishes!
The hound bites you.
You hit the hound.
The hound is poisoned.
You headbutt the hound.
The hound is moderately wounded.
Your surroundings suddenly seem different.
Ijyb the Twisted Goblin comes into view.
She is wielding a +5 dagger of venom and carrying a wand of flame (22).
Ijyb shouts!
A dart slug comes into view.
A hobgoblin comes into view.
Ijyb zaps a wand.
The puff of flame hits you.
Found a leather armour.
Ijyb hits you but does no damage.
You are poisoned.
A quokka comes into view.
You barely miss Ijyb. Your headbutt misses Ijyb.
You feel very sick.
Ijyb hits you with a +5 dagger of venom.
You are more poisoned.
The dart slug launches a dart at you. The slug dart hits you.
You barely miss Ijyb.
You feel very sick.
Ijyb hits you with a +5 dagger of venom.
The dart slug launches a dart at you.
The slug dart hits you but does no damage.
You closely miss Ijyb.
* * * LOW HITPOINT WARNING * * *
You feel very sick.
Ijyb hits you with a +5 dagger of venom.
* * * LOW HITPOINT WARNING * * *
You hit Ijyb.
Ijyb is lightly wounded.
You die...

...########
..........#
..........#
..........#
...r......#
#.......#
#...g..########
#...g@.....w..#
#..#.########.#
# ... [....
..#.##. # #. ..
. .. . ##


You could see Ijyb, a dart slug, a quokka and a hobgoblin.

Vanquished Creatures
  A dart slug (D:1)
  An orc (D:3)
  2 bats
  4 endoplasms (D:1)
  A giant cockroach (D:1)
  4 goblins
  2 hobgoblins
  4 jackals (D:1)
  2 kobolds
  2 quokkas
  2 ball pythons
  2 frilled lizards (D:1)
  A rat (D:2)
28 creatures vanquished.

Notes
Turn   | Place    | Note
-------+----------+-------------------------------------------
     0 | D:1      | componib the Minotaur Berserker began the quest for the
                  | Orb.
     0 | D:1      | Reached XP level 1. HP: 19/19 MP: 0/0
   232 | D:1      | Reached XP level 2. HP: 26/27 MP: 1/1
   850 | D:2      | Reached ** piety under Trog
  1026 | D:2      | Reached XP level 3. HP: 33/33 MP: 2/2
  1371 | D:3      | Identified the +1 robe of the Usurping Gods {rCorr
                  | Archmagi}
  1816 | D:4      | Noticed Ijyb
  1823 | D:4      | Succumbed to Ijyb's poison

Illustrated notes

Levels and vault maps discovered:
D:1:      minmay_arrival_nine_rooms, layout_loops_ring
D:2:      layout_basic, lemuel_flame_loot_1
D:3:      layout_loops_ring, grunt_gozag_breadcrumbs, fedhas_altar_1,
          nzn_wu_jian_council_hall, hellmonk_ecumenical_altar_leap_of_faith,
          gammafunk_ghost_grave
D:4:      layout_basic, marbit_many_paths, minmay_stone_trees_small,
          dreamdust_princess_bridge, nicolae_shop_vocational, uniq_ijyb

Skill      XL: |  1  2 |
---------------+-------+-----
Polearms       | 4 |  4.6
Fighting       | 4 |  4.0
Maces & Flails | |  0.2
Armour         | |  2.8
Dodging        | |  2.2

Action                   || total
-------------------------++-------
Melee: Spear             ||    56
       Headbutt          ||     5
       Whip              ||    25
       Punch             ||     1
  Use: Scroll            ||     6
       Potion            ||     2
Armor: Chain mail        ||    30
Dodge: Dodged            ||    23

Table legend: (Time is in decaauts)
 A = Elapsed time spent in this place.
 B = Non-inter-level travel time spent in this place.
 C = Inter-level travel time spent in this place.
 D = Time resting spent in this place.
 E = Time spent auto-exploring this place.
 F = Levels seen in this place.
 G = Mean time per level.
                   A        B        C        D        E       F      G
               +--------+--------+--------+--------+--------+-----+--------+
         Total |   1817 |   1791 |     26 |    418 |    963 |   4 |  454.2 |
       Dungeon |   1817 |   1791 |     26 |    418 |    963 |   4 |  454.2 |
               +--------+--------+--------+--------+--------+-----+--------+

Top non-repeatable levels by time:
     D:2: 721 daAuts
     D:1: 594 daAuts
     D:3: 480 daAuts
     D:4: 22 daAuts
